 Dungeon Crawl Stone Soup version 0.31-a0-1009-g454b1f1e0a (webtiles) character file.

Game seed: 11143483620796276417

930 CrazyBamboolord the Vexing (level 8, 0/56 (61) HPs)
             Began as a Barachi Hexslinger on Nov 15, 2023.
             Slain by a wight
             ... wielding a +4 dagger of freezing
              (1 damage)
             ... while paralysed by Grinder
             ... on level 6 of the Dungeon.
             The game lasted 00:15:43 (4249 turns).

CrazyBamboolord the Vexing (Barachi Hexslinger)     Turns: 4249, Time: 00:15:44

HP:   0/56 (61)     AC:  4    Str: 10    XL:     8   Next: 11%
MP:   13/13         EV:  2    Int: 14    God:
Gold: 92            SH:  0    Dex: 16    Spells: 7/14 levels left

rFire   . . .        h - +4 longbow (drain)
rCold   . . .        (shield currently unavailable)
rNeg    . . .        c - +0 robe
rPois   .            (no helmet)
rElec   .            (no cloak)
rCorr   +            v - +1 pair of gloves
SInv    .            (no boots)
Will    .....        w - amulet of magic regeneration
Stlth   +            a - ring of resist corrosion
HPRegen 0.29/turn    (no ring)
MPRegen 0.53/turn

%: no passive effects
@: paralysed, lethally poisoned (0 -> -5), drained, slow
A: amphibious, slowness 1, strong legs 1, +LOS
a: Hop


You were on level 6 of the Dungeon.
You visited 2 branches of the dungeon, and saw 7 of its levels.
You also visited: Ossuary.

You collected 298 gold pieces.
You spent 206 gold pieces at shops.

Inventory:

Hand Weapons
 h - a +4 longbow of draining (weapon)
Armour
 c - a +0 robe (worn)
 v - a +1 pair of gloves (worn)
Jewellery
 a - a ring of resist corrosion (left hand)
 l - an amulet of reflection
 w - an amulet of magic regeneration (around neck)
Wands
 m - a wand of acid (3)
Scrolls
 b - a scroll of poison
 e - 5 scrolls of teleportation
 g - a scroll of summoning
 k - 2 scrolls of immolation
 n - 4 scrolls of noise
 o - a scroll of fog {unknown}
 p - 3 scrolls of enchant armour
 r - a scroll of silence
 s - a scroll of blinking {unknown}
 t - 2 scrolls of revelation {unknown}
 x - a scroll of torment {unknown}
Potions
 d - a potion of heal wounds
 f - 3 potions of brilliance
 i - a potion of lignification
 j - a potion of attraction {unknown}
 q - 2 potions of curing
 u - a potion of berserk rage {unknown}
 z - a potion of degeneration {unknown}
 A - a potion of might {unknown}


   Skills:
 * Level 4.5 Fighting
 * Level 4.2 Ranged Weapons
 * Level 4.5 Dodging
 * Level 3.8 Spellcasting
 * Level 5.3 Hexes
 + Level 3.2 Fire Magic


You had 7 spell levels left.
You knew the following spells:

 Your Spells              Type           Power      Damage    Failure   Level
a - Jinxbite              Hex            34%        N/A       3%          2
b - Inner Flame           Hex/Fire       14%        N/A       10%         3
c - Scorch                Fire           22%        2d5       8%          2

Your spell library contained the following spells:

 Spells                   Type           Power      Damage    Failure   Level
 Sigil of Binding         Hex            17%        N/A       7%          3
 Cause Fear               Hex            8%         N/A       22%         4
 Cigotuvi's Dreadful Rot  Necr/Pois/Air  4%         N/A       30%         2
 Poisonous Vapours        Pois/Air       4%         N/A       30%         2
 Volatile Blastmotes      Fire/Tloc      14%        2d11      30%         3
 Ignite Poison            Fire/Tmut/Pois 5%         N/A       36%         3
 Mephitic Cloud           Conj/Pois/Air  2%         N/A       52%         3
 Ozocubu's Armour         Ice            2%         N/A       52%         3
 Dimensional Bullseye     Hex/Tloc       5%         N/A       54%         4
 Freezing Cloud           Conj/Ice/Air   1%         6-21      99%         5
 Ozocubu's Refrigeration  Ice            1%         4d7       100%        7
 Fire Storm               Conj/Fire      3%         8d1       100%        9


Dungeon Overview and Level Annotations

Branches:
Dungeon (6/15)             Temple (1/1) D:5         Ossuary (visited)

Altars:
Cheibriados
Okawaru
Qazlal
Ru
Uskayaw
Vehumet
Yredelemnul

Shops:
D:2 *=   D:4 ?=:   D:5 !

Annotations:
D:6 Grinder


Innate Abilities, Weirdness & Mutations

You are amphibious.
You cover ground slowly.
You can hop short distances.
You have an extended range of vision and can be seen from far away.


Message History

You destroy the wight!
No target in view!
Found a dagger.
You now have 92 gold pieces (gained 11).
Grinder comes into view.
Grinder shouts!
A wight comes into view. It is wielding a +0 battleaxe.
You shoot an arrow. The arrow closely misses the wight.
A wight comes into view.
It is wielding a +4 dagger of freezing and quivering poisoned darts.
Grinder gestures at you. You resist with some effort.
The wight moves out of view.
Fire: h) +4 longbow (drain)
Press: ? - help, Q - select action, (/) - cycle Shift-Dir - straight line, f - Grinder, p - wight
Aim: Grinder (63% to hit)
You shoot an arrow. The arrow barely misses Grinder.
A wight comes into view. It is wielding a +0 battleaxe.
Unknown command.
Fire: h) +4 longbow (drain)
Press: ? - help, Q - select action, (/) - cycle Shift-Dir - straight line, f/p - Grinder
Aim: Grinder (63% to hit)
You shoot an arrow. The arrow completely misses Grinder.
Grinder gestures at you.
You suddenly lose the ability to move!
The wight throws a poisoned dart.
The poisoned dart hits you!
You are poisoned.
You feel very sick. The wight hits you with a +0 battleaxe!
You feel drained.
You feel sick. The wight hits you with a +0 battleaxe!
You feel sick. The wight hits you with a +0 battleaxe!
* * * LOW HITPOINT WARNING * * *
You feel drained.
* * * LOW HITPOINT WARNING * * *
Grinder hits you.
* * * LOW HITPOINT WARNING * * *
You writhe in agony.
* * * LOW HITPOINT WARNING * * *
The wight hits you with a +4 dagger of freezing.
* * * LOW HITPOINT WARNING * * *
You feel drained.
You die...

#....# #..# #....# #..#
#....# #..# #....# #..#
########....####..#
.........<........#
..................#
..................###.PP.
................@...P..#
..############.5zz.#..##
..+ #..z..+ .?. ..#
+.)...# ..# #.....# ###
)....... .........
..........# ..........#


You could see Grinder and 3 wights.

Vanquished Creatures
  2 centaurs (D:5)
  A phantom (D:5)
  A wight (D:6)
  4 hounds (D:5)
  An orc priest (D:5)
  A gnoll bouda (D:5)
  2 iguanas
  2 orc wizards (D:5)
  12 mummies (Ossuary)
  5 gnolls
  7 adders
  2 ufetubi (D:5)
  3 worms
  3 dart slugs
  12 orcs
  5 endoplasms
  3 giant cockroaches
  5 goblins
  3 hobgoblins
  3 jackals (D:4)
  3 kobolds
  2 quokkas
  5 ball pythons
  2 bats (D:3)
  3 gnoll skeletons (Ossuary)
  3 goblin skeletons (Ossuary)
  A kobold skeleton (Ossuary)
  An orc skeleton (Ossuary)
  5 rats
  11 rat skeletons (Ossuary)
113 creatures vanquished.

Notes
Turn   | Place    | Note
-------+----------+-------------------------------------------
     0 | D:1      | CrazyBamboolord the Barachi Hexslinger began the quest for
                  | the Orb.
     0 | D:1      | Reached XP level 1. HP: 15/15 MP: 2/2
    80 | D:1      | Found a faded altar of an unknown god.
   134 | D:1      | Reached XP level 2. HP: 13/21 MP: 3/3
   518 | D:2      | Identified the of Pysh
   585 | D:2      | Identified the +0 ring mail of Hide-and-Seek {Drain Str+5}
   627 | D:2      | Reached XP level 3. HP: 27/27 MP: 5/5
   638 | D:2      | Found Lixt's General Store.
   681 | D:2      | Found Megeud's Jewellery Emporium.
  1125 | D:3      | Reached XP level 4. HP: 33/33 MP: 6/6
  1128 | D:3      | Learned a level 2 spell: Jinxbite
  1447 | D:3      | Reached skill level 4 in Hexes
  1589 | D:3      | Found a hide-covered altar of Uskayaw.
  1752 | D:2      | Bought a potion of heal wounds for 70 gold pieces
  1787 | D:4      | Found a sand-covered staircase.
  1794 | Ossuary  | Entered an ossuary
  1809 | Ossuary  | Reached XP level 5. HP: 39/39 MP: 8/8
  2107 | Ossuary  | Reached XP level 6. HP: 47/47 MP: 9/9
  2114 | Ossuary  | Learned a level 3 spell: Inner Flame
  2576 | D:4      | Found Vosoohyz's Book Shoppe.
  2766 | D:4      | Found Ejoifel's Jewellery Shoppe.
  2858 | D:4      | Found Voadum's Magic Scroll Emporium.
  2865 | D:4      | Bought a scroll of teleportation for 39 gold pieces
  3076 | D:4      | Bought a scroll of enchant armour for 97 gold pieces
  3107 | D:5      | Identified the "Jolleirgh"
  3107 | D:5      | Entered Level 5 of the Dungeon
  3323 | D:5      | Reached XP level 7. HP: 37/53 MP: 11/11
  3523 | D:5      | Reached skill level 5 in Hexes
  3535 | D:5      | Found a staircase to the Ecumenical Temple.
  3625 | Temple   | Entered the Ecumenical Temple
  3629 | Temple   | Learned a level 2 spell: Scorch
  3822 | D:5      | Reached XP level 8. HP: 28/61 MP: 13/13
  4178 | D:5      | Found Sodujadama's Distillery.
  4242 | D:6      | Noticed Grinder
  4245 | D:6      | Paralysed by Grinder for 5 turns
  4249 | D:6      | HP: 1/57 [wight/+4 dagger of freezing (3)]
  4249 | D:6      | Slain by a wight

Illustrated notes

Levels and vault maps discovered:
D:1:      dpeg_arrival_round_a, layout_rooms,
          shapermc_ecumenical_altar_mp_highgroup
D:2:      layout_loops_ring, serial_shops, shop, shop, guppyfry_early_lair_pool
D:3:      layout_basic, nicolae_overflow_crystal_walls
D:4:      layout_loops_cross, serial_shops, shop, nicolae_square_shop,
          nicolae_shop_rolling_square, chequers_ossuary_entry_cave,
          minmay_misc_feat_rugged
D:5:      layout_cave_pools, minmay_temple_entry_offerings, serial_shops,
          nicolae_lakefront_shop, minmay_bent
D:6:      layout_gridville, good_gods_temple_1, kiku_gazebo_garden_becter,
          nicolae_overflow_hallway_of_the_gods,
          riverfiend_overflow_shadow_ancestor, serial_bayou_pond_d, uniq_grinder
Temple:   hellmonk_temple_flake

Skill      XL: |  1  2  3  4  5  6  7 |
---------------+----------------------+-----
Fighting       | 2 3 4 |  4.5
Spellcasting   | 2 3 |  3.8
Hexes          | 4 5 |  5.3
Dodging        | 3 4 |  4.5
Fire Magic     | 2 3 |  3.2
Ranged Weapons | 3 4 |  4.2

Action                     |  1- 3 |  4- 6 |  7- 9 || total
---------------------------+-------+-------+-------++-------
   Fire: Sling             |    23 |       |       ||    23
         Longbow           |    31 |   148 |    58 ||   237
   Cast: Jinxbite          |       |       |     1 ||     1
         Scorch            |       |       |     3 ||     3
Ability: Hop               |       |       |     3 ||     3
    Use: Scroll            |       |    16 |       ||    16
 Armour: Robe              |    10 |    23 |    22 ||    55
  Dodge: Dodged            |    12 |    57 |    30 ||    99

Table legend: (Time is in decaauts)
 A = Elapsed time spent in this place.
 B = Non-inter-level travel time spent in this place.
 C = Inter-level travel time spent in this place.
 D = Time resting spent in this place.
 E = Time spent auto-exploring this place.
 F = Levels seen in this place.
 G = Mean time per level.
                   A        B        C        D        E       F      G
               +--------+--------+--------+--------+--------+-----+--------+
         Total |   4982 |   4666 |    316 |    594 |   2995 |   8 |  622.8 |
       Dungeon |   4253 |   3937 |    316 |    357 |   2981 |   6 |  708.8 |
        Temple |     27 |     27 |      0 |      0 |      0 |   1 |   27.0 |
       Ossuary |    701 |    701 |      0 |    237 |     14 |   1 |  701.0 |
               +--------+--------+--------+--------+--------+-----+--------+

Top non-repeatable levels by time:
     D:4: 1072 daAuts
     D:5: 1012 daAuts
     D:3: 816 daAuts
 Ossuary: 701 daAuts
     D:2: 672 daAuts
     D:1: 637 daAuts
     D:6: 43 daAuts
  Temple: 27 daAuts
